 Dungeon Crawl Stone Soup version 0.30-a0-341-g682706514a (webtiles) character file.

Game seed: 4788136679450331589

10286 b0ghi the Bludgeoner (level 11, -1/99 HPs)
             Began as a Minotaur Fighter on Nov 3, 2022.
             Was a Priest of Makhleb.
             Slain by a yak (11 damage)
             ... on level 11 of the Dungeon.
             The game lasted 00:21:40 (9598 turns).

b0ghi the Bludgeoner (Minotaur Fighter)             Turns: 9598, Time: 00:21:40

Health: -1/99      AC: 29    Str: 24    XL:     11   Next: 34%
Magic:  10/10      EV: 11    Int:  5    God:    Makhleb [***...]
Gold:   469        SH:  9    Dex: 11    Spells: 10/10 levels left

rFire   . . .      SeeInvis .    h - +2 mace (protect)
rCold   . . .      Faith    .    c - +0 buckler
rNeg    . . .      Spirit   .    t - +2 plate armour
rPois   .          Reflect  +    (helmet restricted)
rElec   .          Harm     .    y - scarf {+Inv}
rCorr   .          Rampage  .    (no gloves)
Will    .....                    s - +0 pair of boots
Stlth   ..........               e - amulet of reflection
HPRegen 0.36/turn                m - +4 ring of protection
MPRegen 0.12/turn                F - +4 ring of evasion

@: under a protective aura
A: horns 2, retaliatory headbutt
a: Renounce Religion, Evoke Invisibility, Minor Destruction, Lesser Servant of
Makhleb


You were on level 11 of the Dungeon.
You worshipped Makhleb.
Makhleb was most pleased with you.
You visited 2 branches of the dungeon, and saw 12 of its levels.

You collected 667 gold pieces.
You spent 198 gold pieces at shops.

Inventory:

Hand Weapons
 h - a +2 mace of protection (weapon)
 I - a +0 mace of holy wrath
Missiles
 E - 6 throwing nets (quivered)
Armour
 c - a +0 buckler (worn)
 s - a +0 pair of boots (worn)
 t - a +2 plate armour (worn)
 y - a scarf of invisibility (worn)
 B - +0 steam dragon scales
Jewellery
 e - an amulet of reflection (around neck)
 m - a +4 ring of protection (left hand)
 F - a +4 ring of evasion (right hand)
 G - a ring of protection from fire
 J - a ring of poison resistance
Wands
 l - a wand of flame (8)
 v - a wand of iceblast (5)
 z - a wand of paralysis (26)
 H - a wand of light (2)
Scrolls
 a - 2 scrolls of noise
 k - 4 scrolls of vulnerability
 q - a scroll of amnesia {unknown}
 r - a scroll of magic mapping
 x - 5 scrolls of teleportation
 A - 2 scrolls of fear
 C - 2 scrolls of silence
Potions
 b - 3 potions of mutation
 d - 3 potions of might
 f - a potion of magic {unknown}
 g - a potion of flight
 i - 3 potions of curing
 j - 2 potions of brilliance
 n - 5 potions of degeneration
 o - 3 potions of resistance
 p - 2 potions of heal wounds
 u - 3 potions of lignification
 w - 4 potions of attraction
 D - 2 potions of cancellation {unknown}


   Skills:
 + Level 10.0 Fighting
 * Level 16.2 Maces & Flails
 + Level 10.5 Armour
 + Level 2.1 Dodging
 + Level 1.2 Stealth
 - Level 3.6 Shields


You had 10 spell levels left.
You didn't know any spells.
Your spell library contained the following spells:

 Spells                   Type           Power      Damage    Failure   Level
 Necrotise                Necr           0%         1d4       100%        1
 Sandblast                Erth           0%         2d4       100%        1
 Momentum Strike          Conj/Tloc      0%         3d8       100%        2
 Passwall                 Tmut/Erth      0%         N/A       100%        2
 Sublimation of Blood     Necr           0%         N/A       100%        2
 Hailstorm                Conj/Ice       0%         3d3       100%        3
 Stone Arrow              Conj/Erth      0%         3d7       100%        3
 Vampiric Draining        Necr           0%         2d6       100%        3
 Ice Form                 Ice/Tmut       0%         N/A       100%        4
 Iskenderun's Mystic Bla  Conj/Tloc      0%         2d3       100%        4
 Petrify                  Tmut/Erth      0%         N/A       100%        4
 Agony                    Necr           0%         N/A       100%        5
 Irradiate                Conj/Tmut      0%         3d11      100%        5
 Summon Forest            Summ/Tloc      0%         N/A       100%        5
 Simulacrum               Ice/Necr       0%         N/A       100%        6


Dungeon Overview and Level Annotations

Branches:
Dungeon (11/15)            Temple (1/1) D:5            Lair (0/5) D:9
    Orc: D:9-12

Altars:
Ashenzari
Cheibriados
Dithmenos
Elyvilon
Fedhas
Gozag
Hepliaklqana
Kikubaaqudgha
Makhleb
Nemelex Xobeh
Okawaru
Qazlal
Ru
Sif Muna
Trog
Uskayaw
Vehumet
Wu Jian
Xom
Yredelemnul
Zin
The Shining One

Shops:
D:9 (


Innate Abilities, Weirdness & Mutations

You have a pair of horns on your head.
You reflexively headbutt those who attack you in melee.


Message History

* * * LOW HITPOINT WARNING * * *
The yak gores you but does no damage. You block the yak's attack.
Something hits you but does no damage. Something bites you.
* * * LOW HITPOINT WARNING * * *
Something draws strength from your injuries!
The yak gores you but does no damage.
You miss something. Your headbutt misses something. The shadow hits you.
* * * LOW HITPOINT WARNING * * *
You closely miss something. You headbutt something.
The yak gores you but does no damage. x2
Something hits you but does no damage. Something bites you.
* * * LOW HITPOINT WARNING * * *
Something draws strength from your injuries!
The shadow hits you.
You hit something but do no damage. You block the yak's attack.
The yak gores you but does no damage. x3
Something hits you but does no damage. Something bites you.
* * * LOW HITPOINT WARNING * * *
Something draws strength from your injuries!
You hit something but do no damage. Your headbutt misses something.
The shadow slips into darkness.
The shadow flickers and vanishes!
The yak barely misses you. Something hits you but does no damage.
Something bites you but does no damage. You block the yak's attack.
The yak gores you but does no damage. You block the yak's attack.
You hit something.
The shadow strikes at you from the darkness!
Reactivating autopickup.
Deactivating autopickup; reactivate with Ctrl-A.
You sock something! You block the yak's attack. x2
Something hits you but does no damage. Something bites you but does no damage.
The yak closely misses you. You block the yak's attack. The shadow hits you.
You sock something! The yak gores you but does no damage.
You block the yak's attack. The yak barely misses you.
The yak closely misses you. Something hits you but does no damage.
Something bites you but does no damage.
You hit something. You block the shadow's attack.
The yak gores you but does no damage. The yak barely misses you.
The yak closely misses you. The yak gores you!
You die...

#####.. #...#:..
#$............
##.............
#.$............ #.#..#
....... ##.#..###....#
[..####YY..<.....#.####
......{@Y.............#.
#.#####YW..........<...#
#....................#
....##....#.#####...(#
.. .......#.# #..Y.#
....##....# #....# ....
#..... #.....Y ....
...#.. #.......
..........#.. ...##...


You could see 4 yaks and a shadow.

Vanquished Creatures
  Harold (D:9)
  2 two-headed ogres
  A wizard (D:9)
  Maggie (D:9)
  A kobold demonologist (D:10)
  A komodo dragon (D:9)
  2 trolls (D:10)
  2 hornets
  Sigmund (D:3)
  2 wyverns (D:9)
  Eustachio (D:6)
  5 yaks (D:9)
  2 steam dragons (D:6)
  Duvessa (D:7)
  4 water moccasins
  An orc warrior (D:7)
  A sky beast (D:5)
  A black bear (D:7)
  2 ice beasts
  3 ogres
  A phantom (D:6)
  3 centaurs
  5 kobold brigands
  5 bullfrogs
  A gnoll sergeant (D:9)
  2 necrophages
  2 scorpions
  8 wights
  Dowan (D:7)
  22 killer bees
  A crimson imp (D:9)
  A howler monkey (D:4)
  2 lava snakes (D:8)
  2 hounds
  A jelly (D:5)
  4 orc priests
  2 gnoll boudas
  Natasha (thrice) (D:4)
  3 iguanas (D:6)
  8 orc wizards
  14 gnolls
  An adder (D:6)
  A shadow imp (D:5)
  A white imp (D:7)
  2 worms
  A dart slug (D:5)
  28 orcs
  6 ball pythons
  3 bats
  11 endoplasms
  3 giant cockroaches
  7 hobgoblins
  2 jackals (D:2)
  3 quokkas
  3 goblins
  21 kobolds
  6 rats
225 creatures vanquished.

Vanquished Creatures (others)
  4 plants (D:9)
4 creatures vanquished.

Grand Total: 229 creatures vanquished

Notes
Turn   | Place    | Note
-------+----------+-------------------------------------------
     0 | D:1      | b0ghi the Minotaur Fighter began the quest for the Orb.
     0 | D:1      | Reached XP level 1. HP: 19/19 MP: 0/0
    39 | D:1      | Got the Directory of the Map
    55 | D:1      | You fall into a shaft and drop 1 floor!
   163 | D:2      | Reached XP level 2. HP: 16/27 MP: 1/1
   400 | D:2      | Reached skill level 3 in Maces & Flails
  1055 | D:1      | Reached XP level 3. HP: 32/33 MP: 2/2
  1257 | D:1      | Found a faded altar of an unknown god.
  2182 | D:3      | Noticed Sigmund
  2188 | D:3      | Killed Sigmund
  2189 | D:3      | Reached skill level 5 in Maces & Flails
  2189 | D:3      | Reached XP level 4. HP: 40/40 MP: 3/3
  2189 | D:3      | Reached XP level 5. HP: 46/46 MP: 4/4
  2453 | D:4      | Noticed Natasha
  2456 | D:4      | Killed Natasha
  2536 | D:4      | Reached skill level 6 in Maces & Flails
  2569 | D:4      | Noticed an ogre
  2583 | D:4      | Killed an ogre
  2584 | D:4      | Reached skill level 5 in Armour
  2584 | D:4      | Reached skill level 1 in Dodging
  2584 | D:4      | Reached XP level 6. HP: 37/53 MP: 5/5
  2609 | D:4      | Noticed Natasha
  2615 | D:4      | Killed Natasha
  2727 | D:4      | Noticed Natasha
  2739 | D:4      | Reached skill level 7 in Maces & Flails
  2739 | D:4      | Killed Natasha
  2779 | D:4      | Found a hazy altar of Hepliaklqana.
  2796 | D:4      | Reached XP level 7. HP: 27/60 MP: 6/6
  3382 | D:5      | Entered Level 5 of the Dungeon
  3444 | D:5      | Reached skill level 8 in Maces & Flails
  3618 | D:5      | Reached skill level 5 in Fighting
  3644 | D:5      | Found a staircase to the Ecumenical Temple.
  3673 | Temple   | Entered the Ecumenical Temple
  3858 | Temple   | Became a worshipper of Makhleb the Destroyer
  4104 | D:5      | Found a shadowy altar of Dithmenos.
  4110 | D:5      | Reached skill level 9 in Maces & Flails
  4212 | D:5      | Reached XP level 8. HP: 60/68 MP: 7/7
  4454 | D:6      | Reached skill level 10 in Maces & Flails
  4618 | D:6      | Noticed Eustachio
  4638 | D:6      | Killed Eustachio
  4656 | D:6      | Reached skill level 11 in Maces & Flails
  4658 | D:6      | Reached * piety under Makhleb
  4690 | D:6      | Reached XP level 9. HP: 21/75 MP: 8/8
  5274 | D:6      | Reached skill level 12 in Maces & Flails
  5413 | D:7      | Noticed Duvessa
  5413 | D:7      | Noticed Dowan
  5423 | D:7      | Killed Dowan
  5440 | D:7      | Killed Duvessa
  5546 | D:7      | Noticed a two-headed ogre
  5556 | D:7      | Killed a two-headed ogre
  5557 | D:7      | Reached skill level 13 in Maces & Flails
  5680 | D:7      | Reached skill level 1 in Stealth
  5702 | D:7      | Reached XP level 10. HP: 40/86 MP: 9/9
  5887 | D:7      | Found a shimmering altar of Xom.
  6080 | D:8      | Found a sacrificial altar of Ru.
  6281 | D:8      | Reached ** piety under Makhleb
  6297 | D:8      | Reached skill level 14 in Maces & Flails
  6652 | D:8      | Found a glowing golden altar of the Shining One.
  6820 | D:8      | Found a hide-covered altar of Uskayaw.
  7289 | D:9      | Reached skill level 15 in Maces & Flails
  7315 | D:9      | Noticed Maggie
  7316 | D:9      | Found an opulent altar of Gozag.
  7355 | D:9      | Killed Maggie
  7613 | D:9      | Noticed a wizard
  7642 | D:9      | Killed a wizard
  7768 | D:9      | Noticed Harold
  7780 | D:9      | Reached *** piety under Makhleb
  7805 | D:9      | Killed Harold
  7806 | D:9      | Reached XP level 11. HP: 67/97 MP: 10/10
  8031 | D:9      | Found Semug's Antique Weapon Emporium.
  8125 | D:9      | Bought a runed mace for 198 gold pieces
  8145 | D:9      | Found a staircase to the Lair.
  8272 | D:10     | Entered Level 10 of the Dungeon
  8454 | D:10     | Noticed a two-headed ogre
  8462 | D:10     | Reached skill level 10 in Armour
  8473 | D:10     | Killed a two-headed ogre
  8474 | D:10     | Reached skill level 16 in Maces & Flails
  9430 | D:10     | Reached skill level 10 in Fighting
  9598 | D:11     | Slain by a yak

Illustrated notes

Levels and vault maps discovered:
D:1:      kennysheep_arrival_forest, layout_basic,
          dreamdust_ecumenical_altar_statues
D:2:      layout_loops_ring
D:3:      layout_basic, uniq_sigmund
D:4:      layout_gridville, lemuel_crystal_altar, uniq_natasha
D:5:      layout_rooms, grunt_dithmenos_shadows, minmay_temple_entry_tees,
          kennysheep_generic_room_14
D:6:      layout_rooms, uniq_eustachio
D:7:      layout_rooms, lemuel_tele_altar, uniq_duvessa
D:8:      layout_loops_ring, nicolae_ru_the_path_less_chosen,
          mainiacjoe_overflow_big_doors, dreamdust_princess_corridor,
          grunt_ogre_cave, kennysheep_minor_cross,
          chequers_serial_rivers_large_b
D:9:      layout_basic, nicolae_gozag_seed_capital, david_lair_shrubbed,
          serial_shops, nicolae_stop_n_shop_1, st_stairs_9,
          nrook_mini_backslash, lightli_wizard_tower, uniq_maggie, uniq_harold
D:10:     layout_cave_pods
D:11:     layout_rooms, orc_0_dummy, okawaru_humans
Temple:   bh_familiar_temple

Skill      XL: |  1  2  3  4  5  6  7  8  9 10 11 |
---------------+----------------------------------+-----
Armour         | 4 5 6 7 8 9 10 | 10.5
Fighting       | 4 5 7 9 10 | 10.0
Maces & Flails | 3 5 6 7 9 11 13 15 16 | 16.2
Dodging        | 1 2 |  2.1
Stealth        | 1 |  1.2
Shields        | |  3.6

Action                   |  1- 3 |  4- 6 |  7- 9 | 10-12 || total
-------------------------+-------+-------+-------+-------++-------
Melee: Flail             |    20 |       |       |       ||    20
       Headbutt          |    11 |     4 |    45 |    73 ||   133
       Mace              |    56 |    51 |   315 |   459 ||   881
  Use: Scroll            |       |     5 |     6 |     7 ||    18
       Potion            |       |       |       |     1 ||     1
Armor: Scale mail        |    15 |       |       |       ||    15
       Chain mail        |    12 |     7 |       |       ||    19
       Plate armour      |       |    35 |   205 |   252 ||   492
Dodge: Dodged            |    25 |    13 |    87 |   161 ||   286
Block: Buckler           |    29 |    38 |   144 |   206 ||   417
       Reflection        |     3 |       |     2 |    11 ||    16

Table legend: (Time is in decaauts)
 A = Elapsed time spent in this place.
 B = Non-inter-level travel time spent in this place.
 C = Inter-level travel time spent in this place.
 D = Time resting spent in this place.
 E = Time spent auto-exploring this place.
 F = Levels seen in this place.
 G = Mean time per level.
                   A        B        C        D        E       F      G
               +--------+--------+--------+--------+--------+-----+--------+
         Total |   9531 |   9312 |    219 |    630 |   6823 |  12 |  794.2 |
       Dungeon |   9336 |   9142 |    194 |    630 |   6661 |  11 |  848.7 |
        Temple |    195 |    170 |     25 |      0 |    162 |   1 |  195.0 |
               +--------+--------+--------+--------+--------+-----+--------+

Top non-repeatable levels by time:
    D:10: 1255 daAuts
     D:8: 1132 daAuts
     D:9: 1045 daAuts
     D:4: 994 daAuts
     D:5: 986 daAuts
     D:2: 871 daAuts
     D:6: 822 daAuts
     D:1: 778 daAuts
     D:3: 764 daAuts
     D:7: 645 daAuts
  Temple: 195 daAuts
    D:11: 41 daAuts
